AoeStats
← francois

Arabia

503242575Analyzed
1v1 RM · 2mo ago on Aug 30, 2026· 25m 10s· 2 players
Game mode
Random Map
Map size
Tiny (2 player)
Population
200
Speed
Normal
Resources
Standard
Victory
Conquest
Starting age
Dark Age
Ending age
Imperial Age
RankedLock teamsTeams togetherTeam positionsShared explorationLock speedFull tech treeHidden civsTurbo modeCheats
Victory
Defeat
🇫🇷 Magyars · France
1193
+17
vs
🇩🇪 Jurchens · Germany
1204
-17
francois
11:38 Feudal Age
9:53 Loom
15:27 Castle Age
19:01 Scale Barding Armor
21:30 Chain Barding Armor
25:22 Wheelbarrow
ihate
9:46 Feudal Age
8:55 Loom
10:16 Double-Bit Axe
18:55 Castle Age
17:05 Scale Barding Armor
17:13 Forging
18:44 Gold Mining
19:53 Bloodlines
Connection lost

Rejoining the realm…

Still unreachable

The connection could not be restored.

Session expired

The server has moved on; the page needs a fresh start.